Sherbrooke Phoenix vs Toronto Marlies

Created - 1 mars 2018 at 20:04

Goals
1 2 3 OT1 SO T
Sherbrooke Phoenix 0 0 2 0 1 2
Toronto Marlies 0 0 2 0 2 3
Shots
1 2 3 OT1 SO T
Sherbrooke Phoenix 5 5 11 4 4 25
Toronto Marlies 0 4 3 2 4 9

1st period

No Goal

Penalties :
No Penalty

2nd period

No Goal

Penalties :
Dennis Robertson (MAR) for Fighting (Major) at 0:35, Max Friberg (PHO) for Fighting (Major) at 0:35, Jan Kostalek (MAR) for Fighting (Major) at 1:40, Troy Bourke (PHO) for Fighting (Major) at 1:40, Michael Mersch (MAR) for Fighting (Major) at 1:49, Julius Bergman (PHO) for Fighting (Major) at 1:49, Brad Malone (PHO) for Hooking (Minor) at 2:22, Tommy Hughes (PHO) for Goalie Interference (Minor) at 11:03

3rd period

1. Sherbrooke Phoenix , Garrett Mitchell 4 (Brad Malone 26, Troy Bourke 5) at 1:34
2. Toronto Marlies , Michael McCarron 15 (Will O'Neill 15, Michael Mersch 42) at 1:47
3. Sherbrooke Phoenix , Brandon Mashinter 23 (Daniel Zaar 45, Casey Bailey 53) at 3:02 (PP)
4. Toronto Marlies , Jan Kostalek 4 (Michael McCarron 28, Michael Mersch 43) at 3:47 (PP)

Penalties :
Evgeny Svechnikov (MAR) for Fighting (Major) at 0:13, Jordan Subban (PHO) for Fighting (Major) at 0:13, Brent Regner (MAR) for Fighting (Major) at 0:41, Max Friberg (PHO) for Fighting (Major) at 0:41, Emile Poirier (MAR) for Interference (Minor) at 2:57, Julius Bergman (PHO) for Holding (Minor) at 3:41

Overtime #1

No Goal

Penalties :
No Penalty

Shootout

Penalty Shot by Casey Bailey for Sherbrooke Phoenix - Goal!
Penalty Shot by Michael Mersch for Toronto Marlies - Stopped by Antoine Bibeau
Penalty Shot by Brandon Mashinter for Sherbrooke Phoenix - Stopped by Martin Ouellette
Penalty Shot by Evgeny Svechnikov for Toronto Marlies - Goal!
Penalty Shot by Max Friberg for Sherbrooke Phoenix - Stopped by Martin Ouellette
Penalty Shot by Michael McCarron for Toronto Marlies - Stopped by Antoine Bibeau
Penalty Shot by Brad Malone for Sherbrooke Phoenix - Shot Misses the Net
Penalty Shot by Josh Archibald for Toronto Marlies - Goal!

Penalties :
No Penalty

Goalie Stats

Antoine Bibeau (PHO), 7 saves from 9 shots - (0,778), OTL, 9-10-1, 65:00 minutes
Martin Ouellette (MAR), 23 saves from 25 shots - (0,920), W, 23-17-2, 65:00 minutes

Players Stats for Sherbrooke Phoenix

Player Name              G  A  P  +/- PIM S  H  SB GA TA FO     MP     PP MP  PK MP  
------------------------------------------------------------------------------------
Blake Siebenaler         0  0  0   1  0   1  1  0  0  0  0/0    16:49   0:05   0:00 
Brad Malone              0  1  1   1  2   2  4  0  0  1  1/2    19:02   0:00   0:47 
Brandon Mashinter        1  0  1  -1  0   3  3  0  3  1  0/2    23:58   0:05   2:04 
Casey Bailey             0  1  1  -1  0   1  0  0  0  0  7/21   25:11   0:05   2:04 
Chris Carlisle           0  0  0   0  0   0  0  0  0  0  0/0    10:25   0:00   0:41 
Conner Bleackley         0  0  0   0  0   0  0  0  1  0  0/1    11:01   0:00   0:00 
Daniel Zaar              0  1  1  -1  0   0  3  1  0  0  0/0    13:58   0:05   0:00 
Dylan Labbe              0  0  0   0  0   0  0  0  0  0  0/0     9:44   0:00   0:00 
Francis Perron           0  0  0   0  0   1  0  0  0  0  0/0    13:21   0:00   0:57 
Garrett Mitchell         1  0  1   1  0   2  1  0  0  1  0/0    17:31   0:00   0:00 
Jordan Subban            0  0  0   0  5   1  0  0  1  0  0/0    20:46   0:00   1:56 
Julius Bergman           0  0  0  -1  7   2  1  0  0  0  0/0    16:22   0:00   0:52 
Justin Florek            0  0  0   0  0   2  1  0  0  0  1/1    16:26   0:00   0:16 
Max Friberg              0  0  0   0  10  4  1  0  0  0  0/0    16:16   0:00   0:19 
Mike Weber               0  0  0  -1  0   1  2  0  0  1  0/0    18:49   0:00   2:02 
Nic Dowd                 0  0  0   0  0   0  0  0  0  0  0/0     1:30   0:00   0:28 
Pascal Pelletier         0  0  0   0  0   3  3  0  0  0  2/4    15:28   0:00   1:13 
Tommy Cross              0  0  0   1  0   1  2  1  0  0  0/0    24:29   0:05   2:02 
Tommy Hughes             0  0  0   0  2   0  1  0  0  1  0/0    12:47   0:00   0:35 
Troy Bourke              0  1  1   1  5   1  2  0  0  0  0/1    11:55   0:00   0:00 

Players Stats for Toronto Marlies

Player Name              G  A  P  +/- PIM S  H  SB GA TA FO     MP     PP MP  PK MP  
------------------------------------------------------------------------------------
Andrew MacWilliam        0  0  0  -1  0   1  1  1  0  1  0/0    19:16   1:41   0:00 
Brent Regner             0  0  0   0  5   0  0  1  0  0  0/0    21:08   2:17   0:00 
Dennis Robertson         0  0  0   0  5   0  0  2  0  0  2/2    15:51   0:00   0:00 
Emile Poirier            0  0  0   0  2   0  0  0  1  0  0/0    19:58   1:45   0:00 
Evgeny Svechnikov        0  0  0   0  5   1  3  0  0  0  0/1    20:59   2:13   0:00 
Jan Kostalek             1  0  1   1  5   1  1  0  0  0  0/0    13:30   0:06   0:00 
Josh Archibald           0  0  0  -1  0   0  2  0  0  0  0/0    21:29   1:45   0:00 
Josiah Didier            0  0  0   0  0   0  0  0  0  0  0/0     6:50   0:00   0:05 
Keegan Lowe              0  0  0   0  0   0  0  0  0  0  0/0     9:52   0:00   0:00 
Kyle Schempp             0  0  0  -1  0   0  0  0  0  0  0/2    17:35   0:39   0:00 
Michael McCarron         1  1  2   0  0   2  3  0  0  2  14/19  22:22   2:00   0:00 
Michael Mersch           0  2  2   1  5   2  1  0  3  0  3/4    22:39   1:01   0:05 
Mitchell Heard           0  0  0   0  0   1  1  0  0  0  2/4    18:49   1:45   0:00 
Rinat Valiev             0  0  0   0  0   0  0  0  1  0  0/0    11:38   0:00   0:00 
Ryan Horvat              0  0  0   1  0   1  1  1  0  0  0/0    20:56   1:04   0:05 
Ryan Stanton             0  0  0  -1  0   0  0  3  0  0  0/0    19:31   1:41   0:00 
Will O'Neill             0  1  1   1  0   0  1  1  0  2  0/0    25:48   2:23   0:05 
Zach Leslie              0  0  0   0  0   0  0  0  0  0  0/0    11:38   0:00   0:00 

3 Stars

1 - Michael McCarron (MAR)
2 - Garrett Mitchell (PHO)
3 - Will O'Neill (MAR)

Power Play

Sherbrooke Phoenix - 1 on 1 Attempt(s) - 100,00%
Toronto Marlies - 1 on 3 Attempt(s) - 33,33%

Penalty Kill

Sherbrooke Phoenix - 2 on 3 Attempt(s) - 66,67% - Score 0 goal in Penalty Kill
Toronto Marlies - 0 on 1 Attempt(s) - 0,00% - Score 0 goal in Penalty Kill

Team Stat

Sherbrooke Phoenix - Hits : 25 - Faceoff Wins : 11 - Blocked Shots : 2 - Penalty Minutes : 31
Toronto Marlies - Hits : 14 - Faceoff Wins : 21 - Blocked Shots : 9 - Penalty Minutes : 27

Official

Referees : Dave Lewis and Ian Walsh
Linesman : Don Henderson and Scott Cherrey

Game Notes

Dennis Robertson and Max Friberg fight to a draw at 0:35 of 2nd period
Jan Kostalek beats up Troy Bourke at 1:40 of 2nd period
Michael Mersch beats up Julius Bergman at 1:49 of 2nd period
Evgeny Svechnikov and Jordan Subban fight to a draw at 0:13 of 3rd period
Brent Regner and Max Friberg fight to a draw at 0:41 of 3rd period

Finance

Level 1 -- Attendance: 1364 (68,20%) -- Ticket Income 34 100 $
Level 2 -- Attendance: 812 (81,20%) -- Ticket Income 9 744 $
Total Attendance: 2176 (72,53%)
Total Ticket Income: 43 844 $
Other Income: 21 484 $
Total Income: 65 328 $

Sherbrooke Phoenix

5 vs 5 Forward 
   Center                   Left Wing                Right Wing               Time % Phy DF OF 
 1 Casey Bailey             Brandon Mashinter        Daniel Zaar              40     1   2  2  
 2 Brad Malone              Max Friberg              Garrett Mitchell         30     1   2  2  
 3 Pascal Pelletier         Justin Florek            Casey Bailey             20     1   2  2  
 4 Conner Bleackley         Francis Perron           Brandon Mashinter        10     1   2  2  

5 vs 5 Defense 
   Defense                  Defense                                           Time % Phy DF OF 
 1 Tommy Cross              Jordan Subban                                     40     1   2  2  
 2 Mike Weber               Julius Bergman                                    30     1   2  2  
 3 Blake Siebenaler         Tommy Hughes                                      20     1   2  2  
 4 Chris Carlisle           Dylan Labbe                                       10     1   2  2  

PowerPlay Forward 
   Center                   Left Wing                Right Wing               Time % Phy DF OF 
 1 Casey Bailey             Brandon Mashinter        Daniel Zaar              60     1   2  2  
 2 Brad Malone              Max Friberg              Garrett Mitchell         40     1   2  2  

PowerPlay Defense
   Defense                  Defense                                           Time % Phy DF OF 
 1 Tommy Cross              Jordan Subban                                     60     1   2  2  
 2 Mike Weber               Julius Bergman                                    40     1   2  2  

Penalty Kill 4 Players Forward 
   Center                   Wing                     Time % Phy DF OF 
 1 Casey Bailey             Brandon Mashinter        60     1   2  2  
 2 Max Friberg              Brad Malone              40     1   2  2  

Penalty Kill 4 Players Defense
   Defense                  Defense                  Time % Phy DF OF 
 1 Tommy Cross              Jordan Subban            60     1   2  2  
 2 Mike Weber               Julius Bergman           40     1   2  2  

Penalty Kill - 3 Players Forward 
   Forward                                           Time % Phy DF OF 
 1 Casey Bailey                                      60     1   2  2  
 2 Brandon Mashinter                                 40     1   2  2  

Penalty Kill - 3 Players Defense
   Defense                  Defense                  Time % Phy DF OF 
 1 Tommy Cross              Jordan Subban            60     1   2  2  
 2 Mike Weber               Julius Bergman           40     1   2  2  

4 vs 4 Forward 
   Center                   Wing                     Time % Phy DF OF 
 1 Casey Bailey             Brandon Mashinter        60     1   2  2  
 2 Max Friberg              Brad Malone              40     1   2  2  

4 vs 4 Defense
   Defense                  Defense                  Time % Phy DF OF 
 1 Tommy Cross              Jordan Subban            60     1   2  2  
 2 Mike Weber               Julius Bergman           40     1   2  2  

Last Minutes Offensive
   Center                   Left Wing                Right Wing               Defense                  Defense                  
   Casey Bailey             Brandon Mashinter        Daniel Zaar              Tommy Cross              Jordan Subban            

Last Minutes Defensive
   Center                   Left Wing                Right Wing               Defense                  Defense                  
   Casey Bailey             Brandon Mashinter        Daniel Zaar              Tommy Cross              Jordan Subban            

Goaltenders
Starting : Antoine Bibeau           
Backup : Vitek Vanecek            

Extra Forwards
Normal : Troy Bourke, Justin Florek, Pascal Pelletier - PP : Troy Bourke, Justin Florek - PK : Pascal Pelletier
Extra Defensemen
Normal : Blake Siebenaler, Tommy Hughes, Chris Carlisle - PP : Blake Siebenaler - PK : Tommy Hughes, Chris Carlisle
Penalty Shots
Casey Bailey, Brandon Mashinter, Max Friberg, Brad Malone, Justin Florek

Scratches
Mac Bennett (Healthy), Brandon Alderson (Healthy)

Toronto Marlies

5 vs 5 Forward 
   Center                   Left Wing                Right Wing               Time % Phy DF OF 
 1 Michael McCarron         Michael Mersch           Evgeny Svechnikov        40     1   2  2  
 2 Mitchell Heard           Josh Archibald           Emile Poirier            30     1   2  2  
 3 Kyle Schempp             Ryan Horvat              Michael Mersch           20     1   2  2  
 4 Evgeny Svechnikov        Michael McCarron         Josh Archibald           10     1   2  2  

5 vs 5 Defense 
   Defense                  Defense                                           Time % Phy DF OF 
 1 Will O'Neill             Brent Regner                                      40     1   2  2  
 2 Ryan Stanton             Andrew MacWilliam                                 30     1   2  2  
 3 Dennis Robertson         Keegan Lowe                                       20     1   2  2  
 4 Rinat Valiev             Zach Leslie                                       10     1   2  2  

PowerPlay Forward 
   Center                   Left Wing                Right Wing               Time % Phy DF OF 
 1 Michael McCarron         Michael Mersch           Evgeny Svechnikov        60     1   2  2  
 2 Mitchell Heard           Josh Archibald           Emile Poirier            40     1   2  2  

PowerPlay Defense
   Defense                  Defense                                           Time % Phy DF OF 
 1 Will O'Neill             Brent Regner                                      60     1   2  2  
 2 Ryan Stanton             Andrew MacWilliam                                 40     1   2  2  

Penalty Kill 4 Players Forward 
   Center                   Wing                     Time % Phy DF OF 
 1 Michael Mersch           Evgeny Svechnikov        60     1   2  2  
 2 Michael McCarron         Josh Archibald           40     1   2  2  

Penalty Kill 4 Players Defense
   Defense                  Defense                  Time % Phy DF OF 
 1 Will O'Neill             Brent Regner             60     1   2  2  
 2 Ryan Stanton             Andrew MacWilliam        40     1   2  2  

Penalty Kill - 3 Players Forward 
   Forward                                           Time % Phy DF OF 
 1 Michael Mersch                                    60     1   2  2  
 2 Evgeny Svechnikov                                 40     1   2  2  

Penalty Kill - 3 Players Defense
   Defense                  Defense                  Time % Phy DF OF 
 1 Will O'Neill             Brent Regner             60     1   2  2  
 2 Ryan Stanton             Andrew MacWilliam        40     1   2  2  

4 vs 4 Forward 
   Center                   Wing                     Time % Phy DF OF 
 1 Michael Mersch           Evgeny Svechnikov        60     1   2  2  
 2 Michael McCarron         Josh Archibald           40     1   2  2  

4 vs 4 Defense
   Defense                  Defense                  Time % Phy DF OF 
 1 Will O'Neill             Brent Regner             60     1   2  2  
 2 Ryan Stanton             Andrew MacWilliam        40     1   2  2  

Last Minutes Offensive
   Center                   Left Wing                Right Wing               Defense                  Defense                  
   Michael McCarron         Michael Mersch           Evgeny Svechnikov        Will O'Neill             Brent Regner             

Last Minutes Defensive
   Center                   Left Wing                Right Wing               Defense                  Defense                  
   Michael McCarron         Michael Mersch           Evgeny Svechnikov        Will O'Neill             Brent Regner             

Goaltenders
Starting : Martin Ouellette         
Backup : Eddie Pasquale           

Extra Forwards
Normal : Ryan Horvat, Kyle Schempp, Emile Poirier - PP : Ryan Horvat, Kyle Schempp - PK : Emile Poirier
Extra Defensemen
Normal : Jan Kostalek, Josiah Didier, Dennis Robertson - PP : Jan Kostalek - PK : Josiah Didier, Dennis Robertson
Penalty Shots
Michael Mersch, Evgeny Svechnikov, Michael McCarron, Josh Archibald, Emile Poirier

Scratches
Chris Driedger (Healthy), Jonas Johansson (Healthy)

% Time on Ice - Sherbrooke Phoenix

Lines # - Real PCT - Wanted PCT - Time Play
Normal Forward
1 - 25% - 40% - 13:56
2 - 34% - 30% - 19:00
3 - 21% - 20% - 11:54
4 - 20% - 10% - 11:01
Normal Defense
1 - 36% - 40% - 20:00
2 - 26% - 30% - 14:48
3 - 20% - 20% - 11:19
4 - 17% - 10% - 9:44
PP Forward
1 - 100% - 60% - 0:05
2 - 0% - 40% - 0:00
PP Defense
1 - 100% - 60% - 0:05
2 - 0% - 40% - 0:00
PK Forward
1 - 70% - 60% - 2:50
2 - 30% - 40% - 1:14
PK Defense
1 - 50% - 60% - 2:02
2 - 50% - 40% - 2:02
PK3 Forward
1 - 0% - 60%
2 - 0% - 40%
PK3 Defense
1 - 0% - 60%
2 - 0% - 40%
44 Forward
1 - 74% - 60% - 3:42
2 - 26% - 40% - 1:18
44 Defense
1 - 60% - 60% - 3:01
2 - 40% - 40% - 1:59
Last Minute Offensive  - 0:00
Last Minute Defensive  - 0:00
Total
Forward - 65:00
Defense - 65:00

% Time on Ice - Toronto Marlies

Lines # - Real PCT - Wanted PCT - Time Play
Normal Forward
1 - 35% - 40% - 19:25
2 - 35% - 30% - 19:21
3 - 21% - 20% - 11:29
4 - 10% - 10% - 5:36
Normal Defense
1 - 34% - 40% - 18:51
2 - 28% - 30% - 15:30
3 - 18% - 20% - 9:52
4 - 21% - 10% - 11:38
PP Forward
1 - 57% - 60% - 2:19
2 - 43% - 40% - 1:45
PP Defense
1 - 59% - 60% - 2:23
2 - 41% - 40% - 1:41
PK Forward
1 - 100% - 60% - 0:05
2 - 0% - 40% - 0:00
PK Defense
1 - 100% - 60% - 0:05
2 - 0% - 40% - 0:00
PK3 Forward
1 - 0% - 60%
2 - 0% - 40%
PK3 Defense
1 - 0% - 60%
2 - 0% - 40%
44 Forward
1 - 78% - 60% - 3:54
2 - 22% - 40% - 1:06
44 Defense
1 - 58% - 60% - 2:55
2 - 42% - 40% - 2:05
Last Minute Offensive  - 0:00
Last Minute Defensive  - 0:00
Total
Forward - 65:00
Defense - 65:00

Play by Play

1st period


0:01 of 1st period - Michael McCarron wins face-off versus Casey Bailey in neutral zone.
0:36 of 1st period - Snap shot by Garrett Mitchell.
0:36 of 1st period - Stopped by Martin Ouellette without a rebound.
0:37 of 1st period - Pascal Pelletier wins face-off versus Kyle Schempp in Toronto Marlies zone.
1:02 of 1st period - Julius Bergman is hit by Josh Archibald and loses puck.
2:30 of 1st period - Ryan Horvat is hit by Max Friberg and loses puck.
2:45 of 1st period - Wrist shot by Casey Bailey.
2:45 of 1st period - Shot Misses the Net.
3:57 of 1st period - Dennis Robertson is hit by Mike Weber and loses puck.
5:20 of 1st period - Casey Bailey is hit by Evgeny Svechnikov and loses puck.
6:00 of 1st period - Icing by Pascal Pelletier.
6:01 of 1st period - Dennis Robertson wins face-off versus Conner Bleackley in Sherbrooke Phoenix zone.
7:05 of 1st period - Wrist shot by Casey Bailey.
7:05 of 1st period - Shot Misses the Net.
9:03 of 1st period - Emile Poirier is hit by Pascal Pelletier.
10:49 of 1st period - Emile Poirier is hit by Pascal Pelletier and loses puck.
13:20 of 1st period - Snap shot by Pascal Pelletier.
13:20 of 1st period - Stopped by Martin Ouellette with a rebound.
13:22 of 1st period - Slapshot by Pascal Pelletier.
13:22 of 1st period - Stopped by Martin Ouellette without a rebound.
13:23 of 1st period - Pascal Pelletier wins face-off versus Mitchell Heard in Toronto Marlies zone.
13:28 of 1st period - Wrist shot by Pascal Pelletier.
13:28 of 1st period - Shot Misses the Net.
14:28 of 1st period - Snap shot by Brandon Mashinter.
14:28 of 1st period - Stopped by Martin Ouellette with a rebound.
14:30 of 1st period - Wrist shot by Tommy Cross.
14:30 of 1st period - Shot Blocked by Dennis Robertson.
15:58 of 1st period - Mitchell Heard is hit by Brad Malone and loses puck.
16:58 of 1st period - Emile Poirier is hit by Blake Siebenaler and loses puck.
17:31 of 1st period - Michael McCarron is hit by Tommy Hughes and loses puck.
18:02 of 1st period - Will O'Neill is hit by Troy Bourke and loses puck.
18:07 of 1st period - Wrist shot by Francis Perron.
18:07 of 1st period - Stopped by Martin Ouellette with a rebound.
18:09 of 1st period - Snap shot by Conner Bleackley.
18:09 of 1st period - Shot Misses the Net.
Goals for this period are 0 for Sherbrooke Phoenix vs 0 for Toronto Marlies.
Shots for this period are 5 for Sherbrooke Phoenix vs 0 for Toronto Marlies.

2nd period


0:01 of 2nd period - Casey Bailey wins face-off versus Michael McCarron in neutral zone.
0:12 of 2nd period - Wrist shot by Michael Mersch.
0:12 of 2nd period - Stopped by Antoine Bibeau with a rebound.
0:34 of 2nd period - Wrist shot by Max Friberg.
0:34 of 2nd period - Stopped by Martin Ouellette without a rebound.
0:35 of 2nd period - Michael McCarron wins face-off versus Brad Malone in Toronto Marlies zone.
0:35 of 2nd period - Dennis Robertson and Max Friberg fight to a draw.
0:35 of 2nd period - Penalty to Dennis Robertson for Fighting.
0:35 of 2nd period - Penalty to Max Friberg for Fighting.
0:36 of 2nd period - Michael McCarron wins face-off versus Brandon Mashinter in Toronto Marlies zone.
0:45 of 2nd period - Wrist shot by Brandon Mashinter.
0:45 of 2nd period - Shot Misses the Net.
1:27 of 2nd period - Wrist shot by Daniel Zaar.
1:27 of 2nd period - Shot Blocked by Brent Regner.
1:33 of 2nd period - Wrist shot by Ryan Horvat.
1:33 of 2nd period - Stopped by Antoine Bibeau without a rebound.
1:34 of 2nd period - Brad Malone wins face-off versus Evgeny Svechnikov in Sherbrooke Phoenix zone.
1:40 of 2nd period - Jan Kostalek beats up Troy Bourke.
1:40 of 2nd period - Penalty to Jan Kostalek for Fighting.
1:40 of 2nd period - Penalty to Troy Bourke for Fighting.
1:41 of 2nd period - Michael McCarron wins face-off versus Casey Bailey in Sherbrooke Phoenix zone.
1:49 of 2nd period - Michael Mersch beats up Julius Bergman.
1:49 of 2nd period - Penalty to Michael Mersch for Fighting.
1:49 of 2nd period - Penalty to Julius Bergman for Fighting.
1:50 of 2nd period - Michael McCarron wins face-off versus Casey Bailey in Sherbrooke Phoenix zone.
2:20 of 2nd period - Wrist shot by Josh Archibald.
2:20 of 2nd period - Shot Hit the Post.
2:22 of 2nd period - Minor Penalty to Brad Malone for Hooking.
2:23 of 2nd period - Michael McCarron wins face-off versus Casey Bailey in Sherbrooke Phoenix zone.
2:36 of 2nd period - Wrist shot by Evgeny Svechnikov.
2:36 of 2nd period - Shot Misses the Net.
2:38 of 2nd period - Wrist shot by Evgeny Svechnikov.
2:38 of 2nd period - Stopped by Antoine Bibeau with a rebound.
4:08 of 2nd period - Evgeny Svechnikov is hit by Justin Florek and loses puck.
4:22 of 2nd period - Penalty to Brad Malone is over, Brad Malone is back on ice.
7:17 of 2nd period - Backhand shot by Jordan Subban.
7:17 of 2nd period - Stopped by Martin Ouellette with a rebound.
8:08 of 2nd period - Casey Bailey is hit by Evgeny Svechnikov and loses puck.
8:37 of 2nd period - Tommy Cross is hit by Michael Mersch and loses puck.
9:47 of 2nd period - Brandon Mashinter is hit by Ryan Horvat and loses puck.
11:03 of 2nd period - Minor Penalty to Tommy Hughes for Goalie Interference.
11:04 of 2nd period - Michael McCarron wins face-off versus Casey Bailey in Sherbrooke Phoenix zone.
11:05 of 2nd period - Snap shot by Michael Mersch.
11:05 of 2nd period - Stopped by Antoine Bibeau without a rebound.
11:06 of 2nd period - Michael McCarron wins face-off versus Casey Bailey in Sherbrooke Phoenix zone.
12:56 of 2nd period - Emile Poirier is hit by Tommy Cross and loses puck.
13:03 of 2nd period - Penalty to Tommy Hughes is over, Tommy Hughes is back on ice.
14:08 of 2nd period - Jan Kostalek is hit by Brandon Mashinter and loses puck.
15:23 of 2nd period - Michael Mersch is hit by Tommy Cross and loses puck.
15:50 of 2nd period - Ryan Horvat is hit by Garrett Mitchell and loses puck.
16:25 of 2nd period - Max Friberg is hit by Mitchell Heard.
17:29 of 2nd period - Wrist shot by Justin Florek.
17:29 of 2nd period - Stopped by Martin Ouellette without a rebound.
17:30 of 2nd period - Dennis Robertson wins face-off versus Pascal Pelletier in Toronto Marlies zone.
17:30 of 2nd period - Dennis Robertson is hit by Pascal Pelletier.
17:40 of 2nd period - Wrist shot by Pascal Pelletier.
17:40 of 2nd period - Stopped by Martin Ouellette with a rebound.
17:42 of 2nd period - Slapshot by Julius Bergman.
17:42 of 2nd period - Deflect By Michael McCarron.
17:42 of 2nd period - Stopped by Martin Ouellette with a rebound.
17:52 of 2nd period - Andrew MacWilliam is hit by Daniel Zaar and loses puck.
18:05 of 2nd period - Wrist shot by Brad Malone.
18:05 of 2nd period - Shot Misses the Net.
18:07 of 2nd period - Slapshot by Brad Malone.
18:07 of 2nd period - Shot Misses the Net.
18:09 of 2nd period - Snap shot by Garrett Mitchell.
18:09 of 2nd period - Shot Blocked by Dennis Robertson.
18:11 of 2nd period - Slapshot by Brad Malone.
18:11 of 2nd period - Shot Blocked by Ryan Stanton.
Goals for this period are 0 for Sherbrooke Phoenix vs 0 for Toronto Marlies.
Shots for this period are 5 for Sherbrooke Phoenix vs 4 for Toronto Marlies.

3rd period


0:01 of 3rd period - Michael McCarron wins face-off versus Casey Bailey in neutral zone.
0:10 of 3rd period - Slapshot by Will O'Neill.
0:10 of 3rd period - Shot Blocked by Tommy Cross.
0:13 of 3rd period - Evgeny Svechnikov and Jordan Subban fight to a draw.
0:13 of 3rd period - Penalty to Evgeny Svechnikov for Fighting.
0:13 of 3rd period - Penalty to Jordan Subban for Fighting.
0:14 of 3rd period - Casey Bailey wins face-off versus Michael McCarron in neutral zone.
0:17 of 3rd period - Snap shot by Tommy Cross.
0:17 of 3rd period - Shot Blocked by Ryan Horvat.
0:19 of 3rd period - Wrist shot by Brandon Mashinter.
0:19 of 3rd period - Shot Blocked by Will O'Neill.
0:41 of 3rd period - Brent Regner and Max Friberg fight to a draw.
0:41 of 3rd period - Penalty to Brent Regner for Fighting.
0:41 of 3rd period - Penalty to Max Friberg for Fighting.
0:42 of 3rd period - Casey Bailey wins face-off versus Michael McCarron in Sherbrooke Phoenix zone.
0:47 of 3rd period - Slapshot by Casey Bailey.
0:47 of 3rd period - Stopped by Martin Ouellette with a rebound.
1:07 of 3rd period - Brandon Mashinter is hit by Jan Kostalek and loses puck.
1:12 of 3rd period - Snap shot by Josh Archibald.
1:12 of 3rd period - Shot Blocked by Daniel Zaar.
1:14 of 3rd period - Snap shot by Josh Archibald.
1:14 of 3rd period - Shot Misses the Net.
1:16 of 3rd period - Wrist shot by Mitchell Heard.
1:16 of 3rd period - Stopped by Antoine Bibeau with a rebound.
1:34 of 3rd period - Slapshot by Garrett Mitchell.
1:34 of 3rd period - Goal by Garrett Mitchell - Sherbrooke Phoenix : 1 - Toronto Marlies : 0.
1:35 of 3rd period - Michael McCarron wins face-off versus Casey Bailey in neutral zone.
1:47 of 3rd period - Wrist shot by Michael McCarron.
1:47 of 3rd period - Goal by Michael McCarron - Sherbrooke Phoenix : 1 - Toronto Marlies : 1.
1:48 of 3rd period - Michael McCarron wins face-off versus Casey Bailey in neutral zone.
2:03 of 3rd period - Michael Mersch is hit by Brandon Mashinter and loses puck.
2:14 of 3rd period - Ryan Horvat is hit by Brad Malone and loses puck.
2:19 of 3rd period - Wrist shot by Garrett Mitchell.
2:19 of 3rd period - Shot Misses the Net.
2:21 of 3rd period - Slapshot by Mike Weber.
2:21 of 3rd period - Stopped by Martin Ouellette with a rebound.
2:23 of 3rd period - Wrist shot by Garrett Mitchell.
2:23 of 3rd period - Shot Misses the Net.
2:36 of 3rd period - Off-side.
2:37 of 3rd period - Mitchell Heard wins face-off versus Pascal Pelletier in neutral zone.
2:40 of 3rd period - Pascal Pelletier is hit by Andrew MacWilliam.
2:50 of 3rd period - Icing by Tommy Cross.
2:51 of 3rd period - Justin Florek wins face-off versus Mitchell Heard in Sherbrooke Phoenix zone.
2:57 of 3rd period - Minor Penalty to Emile Poirier for Interference.
2:58 of 3rd period - Casey Bailey wins face-off versus Michael Mersch in Toronto Marlies zone.
3:00 of 3rd period - Snap shot by Brandon Mashinter.
3:00 of 3rd period - Shot Misses the Net.
3:02 of 3rd period - Snap shot by Brandon Mashinter.
3:02 of 3rd period - Goal by Brandon Mashinter - Sherbrooke Phoenix : 2 - Toronto Marlies : 1.
3:03 of 3rd period - Michael McCarron wins face-off versus Casey Bailey in neutral zone.
3:41 of 3rd period - Minor Penalty to Julius Bergman for Holding.
3:42 of 3rd period - Michael McCarron wins face-off versus Casey Bailey in Sherbrooke Phoenix zone.
3:47 of 3rd period - Slapshot by Jan Kostalek.
3:47 of 3rd period - Goal by Jan Kostalek - Sherbrooke Phoenix : 2 - Toronto Marlies : 2.
3:48 of 3rd period - Casey Bailey wins face-off versus Michael McCarron in neutral zone.
3:50 of 3rd period - Mike Weber is hit by Will O'Neill and loses puck.
3:57 of 3rd period - Mike Weber is hit by Michael McCarron and loses puck.
5:48 of 3rd period - Icing by Keegan Lowe.
5:49 of 3rd period - Mitchell Heard wins face-off versus Brandon Mashinter in Toronto Marlies zone.
5:49 of 3rd period - Mitchell Heard is hit by Daniel Zaar.
6:45 of 3rd period - Slapshot by Max Friberg.
6:45 of 3rd period - Stopped by Martin Ouellette with a rebound.
10:05 of 3rd period - Off-side.
10:06 of 3rd period - Casey Bailey wins face-off versus Kyle Schempp in neutral zone.
10:09 of 3rd period - Kyle Schempp is hit by Troy Bourke and loses puck.
10:46 of 3rd period - Snap shot by Pascal Pelletier.
10:46 of 3rd period - Shot Misses the Net.
10:48 of 3rd period - Backhand shot by Justin Florek.
10:48 of 3rd period - Stopped by Martin Ouellette without a rebound.
10:49 of 3rd period - Michael Mersch wins face-off versus Casey Bailey in Toronto Marlies zone.
11:02 of 3rd period - Wrist shot by Brad Malone.
11:02 of 3rd period - Stopped by Martin Ouellette with a rebound.
11:04 of 3rd period - Snap shot by Max Friberg.
11:04 of 3rd period - Stopped by Martin Ouellette with a rebound.
11:06 of 3rd period - Slapshot by Julius Bergman.
11:06 of 3rd period - Deflect By Emile Poirier.
11:06 of 3rd period - Stopped by Martin Ouellette without a rebound.
11:07 of 3rd period - Casey Bailey wins face-off versus Michael McCarron in Toronto Marlies zone.
11:10 of 3rd period - Slapshot by Brandon Mashinter.
11:10 of 3rd period - Stopped by Martin Ouellette without a rebound.
11:11 of 3rd period - Michael McCarron wins face-off versus Casey Bailey in Toronto Marlies zone.
11:11 of 3rd period - Michael McCarron is hit by Brandon Mashinter.
11:36 of 3rd period - Emile Poirier is hit by Brad Malone.
11:48 of 3rd period - Snap shot by Max Friberg.
11:48 of 3rd period - Stopped by Martin Ouellette with a rebound.
12:16 of 3rd period - Michael McCarron is hit by Julius Bergman and loses puck.
13:46 of 3rd period - Mike Weber is hit by Evgeny Svechnikov and loses puck.
14:05 of 3rd period - Rinat Valiev is hit by Mike Weber and loses puck.
19:12 of 3rd period - Josh Archibald is hit by Daniel Zaar and loses puck.
Goals for this period are 2 for Sherbrooke Phoenix vs 2 for Toronto Marlies.
Shots for this period are 11 for Sherbrooke Phoenix vs 3 for Toronto Marlies.

Overtime #1


0:01 of 1st overtime period - Michael Mersch wins face-off versus Casey Bailey in neutral zone.
0:04 of 1st overtime period - Slapshot by Michael Mersch.
0:04 of 1st overtime period - Shot Misses the Net.
0:58 of 1st overtime period - Snap shot by Andrew MacWilliam.
0:58 of 1st overtime period - Stopped by Antoine Bibeau with a rebound.
1:08 of 1st overtime period - Ryan Stanton is hit by Brad Malone and loses puck.
1:17 of 1st overtime period - Slapshot by Brad Malone.
1:17 of 1st overtime period - Shot Misses the Net.
1:19 of 1st overtime period - Slapshot by Brad Malone.
1:19 of 1st overtime period - Stopped by Martin Ouellette with a rebound.
1:35 of 1st overtime period - Snap shot by Troy Bourke.
1:35 of 1st overtime period - Stopped by Martin Ouellette with a rebound.
1:37 of 1st overtime period - Slapshot by Tommy Cross.
1:37 of 1st overtime period - Stopped by Martin Ouellette with a rebound.
1:39 of 1st overtime period - Backhand shot by Justin Florek.
1:39 of 1st overtime period - Shot Blocked by Ryan Stanton.
1:41 of 1st overtime period - Wrist shot by Troy Bourke.
1:41 of 1st overtime period - Shot Blocked by Andrew MacWilliam.
2:47 of 1st overtime period - Casey Bailey is hit by Michael McCarron and loses puck.
3:23 of 1st overtime period - Blake Siebenaler is hit by Michael McCarron and loses puck.
3:30 of 1st overtime period - Snap shot by Michael McCarron.
3:30 of 1st overtime period - Stopped by Antoine Bibeau without a rebound.
3:31 of 1st overtime period - Michael Mersch wins face-off versus Troy Bourke in Sherbrooke Phoenix zone.
4:05 of 1st overtime period - Brandon Mashinter is hit by Josh Archibald and loses puck.
4:38 of 1st overtime period - Snap shot by Max Friberg.
4:38 of 1st overtime period - Shot Misses the Net.
4:40 of 1st overtime period - Slapshot by Blake Siebenaler.
4:40 of 1st overtime period - Stopped by Martin Ouellette with a rebound.
4:42 of 1st overtime period - Snap shot by Max Friberg.
4:42 of 1st overtime period - Shot Blocked by Ryan Stanton.
Goals for this period are 0 for Sherbrooke Phoenix vs 0 for Toronto Marlies.
Shots for this period are 4 for Sherbrooke Phoenix vs 2 for Toronto Marlies.

ShootOut


5:00 of 1st overtime period - Penalty Shot by Casey Bailey for Sherbrooke Phoenix.
5:00 of 1st overtime period - Snap shot by Casey Bailey.
5:00 of 1st overtime period - Goal by Casey Bailey.
5:00 of 1st overtime period - Penalty Shot by Michael Mersch for Toronto Marlies.
5:00 of 1st overtime period - Snap shot by Michael Mersch.
5:00 of 1st overtime period - Stopped by Antoine Bibeau.
5:00 of 1st overtime period - Penalty Shot by Brandon Mashinter for Sherbrooke Phoenix.
5:00 of 1st overtime period - Snap shot by Brandon Mashinter.
5:00 of 1st overtime period - Stopped by Martin Ouellette.
5:00 of 1st overtime period - Penalty Shot by Evgeny Svechnikov for Toronto Marlies.
5:00 of 1st overtime period - Snap shot by Evgeny Svechnikov.
5:00 of 1st overtime period - Goal by Evgeny Svechnikov.
5:00 of 1st overtime period - Penalty Shot by Max Friberg for Sherbrooke Phoenix.
5:00 of 1st overtime period - Snap shot by Max Friberg.
5:00 of 1st overtime period - Stopped by Martin Ouellette.
5:00 of 1st overtime period - Penalty Shot by Michael McCarron for Toronto Marlies.
5:00 of 1st overtime period - Snap shot by Michael McCarron.
5:00 of 1st overtime period - Stopped by Antoine Bibeau.
5:00 of 1st overtime period - Penalty Shot by Brad Malone for Sherbrooke Phoenix.
5:00 of 1st overtime period - Backhand shot by Brad Malone.
5:00 of 1st overtime period - Shot Misses the Net.
5:00 of 1st overtime period - Penalty Shot by Josh Archibald for Toronto Marlies.
5:00 of 1st overtime period - Deke by Josh Archibald.
5:00 of 1st overtime period - Goal by Josh Archibald.